[Event "Titled Tuesday Blitz February 14 Late 2023"]
[White "Rios Escobar, Adan"]
[Black "Womacka, Mathias"]
[WhiteFideId "3403645"]
[BlackFideId "4611390"]
[WhiteElo "2234"]
[BlackElo "2396"]
[Result "1-0"]
[Round "03"]
[TimeControl "180+2"]
[Date "2023.02.14"]
[WhiteClock "0:00:08"]
[BlackClock "0:00:05"]

1. d4 Nf6 2. g3 c5 3. d5 e6 4. c4 exd5 5. cxd5 d6 6. Nc3 g6 7. Nf3 Bg7 8. Bg2 O-O 9. O-O Nbd7 10. Bf4 Qe7 11. h3 a6 12. a4 Rb8 13. Re1 b5 14. e4 b4 15. e5 bxc3 16. exf6 Qxf6 17. bxc3 Qxc3 18. Bxd6 Qxa1 19. Qxa1 Bxa1 20. Rxa1 Rb2 21. Bxf8 Kxf8 22. Ng5 h6 23. Ne4 Bb7 24. Nd6 Ba8 25. Re1 Nf6 26. Rd1 Rb4 27. a5 Ra4 28. Nc8 Rxa5 29. Nb6 Bb7 30. d6 Rb5 31. d7 Nxd7 32. Nxd7+ Ke7 33. Bxb7 Rxb7 34. Nxc5 Ra7 35. Ra1 a5 36. Ra4 Kd6 37. Rxa5 Rc7 38. Nd3 Rc3 39. Nf4 g5 40. Ne2 Rc2 41. Nd4 Rb2 42. Nf5+ Ke6 43. Nxh6 Rb6 44. Rxg5 1-0


[Site "https://www.chess.com"]

[Event "Titled Tuesday Blitz February 14 Late 2023"]
[White "Seletsky, Grigory"]
[Black "Slavin, Alexey"]
[WhiteFideId "14112191"]
[BlackFideId "24104388"]
[WhiteElo "2259"]
[BlackElo "2364"]
[Result "0-1"]
[Round "03"]
[TimeControl "180+2"]
[Date "2023.02.14"]
[WhiteClock "0:00:15"]
[BlackClock "0:00:21"]

1. e4 Nc6 2. d4 d6 3. e5 dxe5 4. d5 Nd4 5. c3 Nf5 6. c4 e6 7. Nc3 Nf6 8. Nf3 exd5 9. cxd5 Bd6 10. Bb5+ Bd7 11. Qa4 O-O 12. O-O h6 13. Re1 Re8 14. h3 a6 15. Bxd7 Qxd7 16. Qb3 Nd4 17. Qd1 Qf5 18. Nh2 b5 19. Be3 Nc2 20. g4 Qg6 21. Kh1 Nxa1 22. Qxa1 Nxd5 23. Rg1 Nxc3 24. bxc3 Qe4+ 25. Rg2 b4 26. Nf1 a5 27. Ng3 Qf3 28. Nf5 Re6 29. c4 a4 30. c5 Bf8 31. Kh2 Rd8 32. Rg3 Qe2 33. g5 Rd1 34. Qxd1 Qxd1 35. gxh6 g6 0-1


[Site "https://www.chess.com"]

[Event "Titled Tuesday Blitz February 14 Late 2023"]
[White "Gasparyan, David"]
[Black "Bulgurlu, Okan"]
[WhiteFideId "13311980"]
[BlackFideId "6352316"]
[WhiteElo "2142"]
[BlackElo "1908"]
[Result "0-1"]
[Round "03"]
[TimeControl "180+2"]
[Date "2023.02.14"]
[WhiteClock "0:01:01"]
[BlackClock "0:00:29"]

1. e4 c5 2. Nf3 e6 3. d4 cxd4 4. Nxd4 d6 5. Nc3 Nc6 6. Be2 Nf6 7. Be3 Be7 8. g4 h6 9. h4 Nxd4 10. Bxd4 e5 11. Be3 Qa5 12. f3 Be6 13. Kf2 Rc8 14. g5 Nh5 15. Nb5 Bc4 16. Bxc4 Rxc4 17. Nc3 Nf4 18. Bxf4 exf4 19. Qd3 Qb6+ 20. Ke2 Rd4 21. Qb5+ Qxb5+ 22. Nxb5 Rb4 23. Nc7+ Kd7 24. Nd5 Rxb2 25. Rhb1 Rxb1 26. Rxb1 b6 27. g6 fxg6 28. Nxf4 Rc8 29. Kd3 Bxh4 30. Nxg6 Bf6 31. c4 Rc5 32. Nf4 Ra5 33. Nd5 Ra3+ 34. Ke2 Rxa2+ 35. Kd3 Be5 36. f4 Ra3+ 37. Ke2 Ba1 38. Nb4 Bd4 39. Nc2 Ra2 40. Kd3 Bc5 41. Rg1 Bxg1 42. f5 Rxc2 43. Kxc2 h5 44. Kd3 h4 45. Ke2 h3 46. Kf3 h2 47. Kg2 a5 48. c5 bxc5 49. Kh1 Ke7 50. e5 dxe5 51. Kg2 a4 52. Kh1 a3 53. f6+ Kxf6 54. Kg2 a2 55. Kh1 a1=Q 56. Kg2 Qa8+ 57. Kf1 Qf3+ 58. Ke1 Bf2+ 59. Kd2 Qe3+ 60. Kc2 h1=Q 61. Kb2 Qb7+ 62. Kc2 Qbb3# 0-1


[Site "https://www.chess.com"]

[Event "Titled Tuesday Blitz February 14 Late 2023"]
[White "Cueto, Jonny"]
[Black "reevecanada"]
[WhiteFideId "3300145"]
[WhiteElo "2122"]
[BlackElo "2466"]
[Result "0-1"]
[Round "03"]
[TimeControl "180+2"]
[Date "2023.02.14"]
[WhiteClock "0:01:04"]
[BlackClock "0:01:59"]

1. d4 d5 2. Bf4 Bf5 3. c4 c6 4. Qb3 Qb6 5. c5 Qxb3 6. axb3 a6 7. b4 Nd7 8. Nc3 Rc8 9. Nf3 f6 10. e3 e6 11. Kd2 h5 12. Bd3 Bxd3 13. Kxd3 g5 14. Bd6 Bxd6 15. cxd6 g4 16. Nh4 f5 17. Ng6 Rh6 18. Ne5 Ngf6 19. h3 Nxe5+ 20. dxe5 Nd7 21. Kd4 c5+ 22. bxc5 Nxc5 23. hxg4 Nb3+ 24. Kd3 Nxa1 25. gxf5 Nb3 26. fxe6 Rxe6 27. f4 Rg6 28. Rxh5 Rxg2 29. e6 Rd2# 0-1


[Site "https://www.chess.com"]

[Event "Titled Tuesday Blitz February 14 Late 2023"]
[White "Onslow, Alfie"]
[Black "dodoucb"]
[WhiteFideId "436976"]
[WhiteElo "2157"]
[BlackElo "2458"]
[Result "0-1"]
[Round "03"]
[TimeControl "180+2"]
[Date "2023.02.14"]
[WhiteClock "0:00:06"]
[BlackClock "0:00:17"]

1. e4 c6 2. Nf3 d5 3. exd5 cxd5 4. Ne5 Nd7 5. Bb5 Qc7 6. d4 e6 7. Qf3 Nf6 8. O-O Bd6 9. Nxd7 Bxd7 10. Bxd7+ Nxd7 11. h3 Qxc2 12. Nc3 O-O 13. Nb5 Bb8 14. b3 a6 15. Na3 Qc7 16. g3 Nf6 17. Bf4 Qa5 18. Nc2 Bxf4 19. Qxf4 Rac8 20. Ne3 Ne4 21. h4 Qd2 22. Rfd1 Qe2 23. Re1 Qd2 24. Red1 Qb2 25. h5 h6 26. Kg2 Qe2 27. Ng4 Rc2 28. Re1 Qd2 29. Qf3 f5 30. Rad1 fxg4 31. Qxf8+ Kxf8 32. Rxd2 Rxd2 33. Rc1 Rxf2+ 34. Kg1 Rd2 35. Rc8+ Kf7 36. Rc7+ Kf6 37. Rxb7 Ng5 38. Rb6 Kf5 39. Rxa6 Ke4 40. Ra3 Nf3+ 41. Kf1 Rd3 42. Ra6 Nxd4 43. b4 Kf3 44. b5 Rd1# 0-1


[Site "https://www.chess.com"]

[Event "Titled Tuesday Blitz February 14 Late 2023"]
[White "Mendez Machado, Andre"]
[Black "Davidson, Kevin"]
[WhiteFideId "6603793"]
[BlackFideId "2056810"]
[WhiteElo "1974"]
[BlackElo "2154"]
[Result "0-1"]
[Round "03"]
[TimeControl "180+2"]
[Date "2023.02.14"]
[WhiteClock "0:00:07"]
[BlackClock "0:00:04"]

1. e4 c5 2. Nc3 a6 3. d4 cxd4 4. Qxd4 Nc6 5. Qe3 Nf6 6. Nf3 d5 7. exd5 Nxd5 8. Nxd5 Qxd5 9. Bd3 Bf5 10. Bxf5 Qxf5 11. O-O e6 12. Qb6 Qb5 13. Qxb5 axb5 14. Be3 Be7 15. Nd4 Nxd4 16. Bxd4 O-O 17. a3 b4 18. axb4 Bxb4 19. c3 Be7 20. Ba7 f5 21. Rfe1 Kf7 22. g3 Rfd8 23. Bd4 Bf6 24. Bxf6 Kxf6 25. Rxa8 Rxa8 26. Rd1 Ra2 27. Rd2 b5 28. Kf1 g5 29. Ke2 g4 30. b4 Ra1 31. Rd8 Rc1 32. Kd2 Rf1 33. Ke2 Rc1 34. Rc8 h5 35. Kd2 Rh1 36. Rc5 Rxh2 37. Ke2 h4 38. gxh4 g3 39. Rc8 Rxf2+ 40. Ke3 Rh2 41. Rg8 Rxh4 42. Rxg3 Ke5 43. Rg8 Rh3+ 44. Kd2 f4 45. Rg5+ Ke4 46. Rxb5 Rh2+ 47. Ke1 e5 48. Rb8 Kd3 49. Rd8+ Ke3 50. Kd1 e4 51. b5 f3 52. b6 f2 53. Rf8 Rh1+ 54. Kc2 f1=Q 55. Rxf1 Rxf1 56. b7 Rf8 57. c4 Rb8 0-1


[Site "https://www.chess.com"]

[Event "Titled Tuesday Blitz February 14 Late 2023"]
[White "Zaksaite, Salomeja"]
[Black "Mareco, Sandro"]
[WhiteFideId "12801496"]
[BlackFideId "112275"]
[WhiteElo "2283"]
[BlackElo "2633"]
[Result "0-1"]
[Round "03"]
[TimeControl "180+2"]
[Date "2023.02.14"]
[WhiteClock "0:00:03"]
[BlackClock "0:00:03"]

1. e4 c5 2. Nf3 Nc6 3. Bb5 g6 4. O-O Bg7 5. Re1 e5 6. c3 Nge7 7. d4 cxd4 8. cxd4 O-O 9. d5 Nd4 10. Nxd4 exd4 11. Bg5 d6 12. Nd2 h6 13. Bf4 Qb6 14. a4 Qd8 15. Nb3 Qb6 16. Qd3 a6 17. Bc4 g5 18. a5 Qd8 19. Bg3 b5 20. axb6 Qxb6 21. Red1 f5 22. f3 fxe4 23. fxe4 Ng6 24. Kh1 Ne5 25. Qxd4 Qxd4 26. Rxd4 Bb7 27. Be2 Rfb8 28. Rb4 Bc8 29. Rxb8 Rxb8 30. Nd4 Rxb2 31. Bf1 Ng4 32. Rd1 Ne3 0-1


[Site "https://www.chess.com"]

[Event "Titled Tuesday Blitz February 14 Late 2023"]
[White "Clawitter, Craig"]
[Black "Kanyamarala, Trisha"]
[WhiteFideId "2023105"]
[BlackFideId "45004722"]
[WhiteElo "2050"]
[BlackElo "2278"]
[Result "1/2-1/2"]
[Round "03"]
[TimeControl "180+2"]
[Date "2023.02.14"]
[WhiteClock "0:00:13"]
[BlackClock "0:00:17"]

1. e4 c5 2. Nf3 Nc6 3. d4 cxd4 4. Nxd4 d6 5. Nc3 Nf6 6. Bc4 e6 7. Be3 a6 8. Qe2 Bd7 9. O-O-O b5 10. Bb3 Be7 11. f3 Na5 12. g4 Qc7 13. g5 Nh5 14. f4 g6 15. f5 Nc4 16. fxe6 fxe6 17. Rhf1 Rc8 18. Kb1 Nxb2 19. Kxb2 Qxc3+ 20. Kb1 Qb4 21. a3 Qxa3 22. Nxe6 a5 23. Ng7+ Nxg7 24. Bf7+ Kd8 25. Bb6+ Rc7 26. Rf3 Qa4 27. Rc3 Qb4+ 28. Rb3 Qa4 29. Rc3 Qb4+ 30. Rb3 Qa4 31. Rc3 1/2-1/2


[Site "https://www.chess.com"]

[Event "Titled Tuesday Blitz February 14 Late 2023"]
[White "Sariego Figueredo, Wilfredo"]
[Black "Mayaud, Raphael"]
[WhiteFideId "3500080"]
[BlackFideId "627151"]
[WhiteElo "2318"]
[BlackElo "2201"]
[Result "0-1"]
[Round "03"]
[TimeControl "180+2"]
[Date "2023.02.14"]
[WhiteClock "0:00:01"]
[BlackClock "0:00:22"]

1. d4 Nf6 2. Bf4 d5 3. e3 c5 4. c3 Nc6 5. Nf3 Qb6 6. Qb3 c4 7. Qxb6 axb6 8. Na3 Ra5 9. Bc7 Nd7 10. Nc2 e6 11. Be2 Be7 12. O-O Bd8 13. Bd6 Be7 14. Bxe7 Kxe7 15. Rfe1 f5 16. b3 b5 17. bxc4 bxc4 18. Reb1 b5 19. a3 Bb7 20. Nb4 Nxb4 21. axb4 Ra4 22. Rxa4 bxa4 23. Ra1 Nb6 24. Bd1 Ra8 25. Ra3 Bc6 26. Ne5 Bb5 0-1


[Site "https://www.chess.com"]

[Event "Titled Tuesday Blitz February 14 Late 2023"]
[White "Wang, Alexander J"]
[Black "Lorenzo De La Riva, Lazaro"]
[WhiteFideId "30955270"]
[BlackFideId "2268809"]
[WhiteElo "1815"]
[BlackElo "2404"]
[Result "0-1"]
[Round "03"]
[TimeControl "180+2"]
[Date "2023.02.14"]
[WhiteClock "0:01:23"]
[BlackClock "0:01:39"]

1. e4 d6 2. d4 Nf6 3. Nc3 Nbd7 4. Nf3 e5 5. dxe5 dxe5 6. Bg5 Bc5 7. Bc4 O-O 8. O-O c6 9. a3 b5 10. Bb3 a5 11. h3 Qc7 12. Qe2 Ba6 13. Rfd1 b4 14. Bc4 Bxc4 15. Qxc4 bxc3 16. Bxf6 cxb2 17. Rab1 gxf6 18. Rxd7 Qxd7 19. Qxc5 Rab8 20. Qe3 Qe6 21. Qh6 Kh8 22. Nh4 Rg8 23. Nf5 Rg6 24. Qd2 Qa2 0-1


[Site "https://www.chess.com"]

[Event "Titled Tuesday Blitz February 14 Late 2023"]
[White "Gutkin, Ilya"]
[Black "De Souza, Cristiano Gomes"]
[WhiteFideId "16203470"]
[BlackFideId "2151758"]
[WhiteElo "2273"]
[BlackElo "2018"]
[Result "0-1"]
[Round "03"]
[TimeControl "180+2"]
[Date "2023.02.14"]
[WhiteClock "0:01:37"]
[BlackClock "0:02:04"]

1. e4 c5 2. Nf3 d6 3. Bb5+ Bd7 4. Bxd7+ Qxd7 5. c4 Nc6 6. d4 cxd4 7. Nxd4 g6 8. O-O Bg7 9. Be3 Nf6 10. Nc3 Ng4 11. Nxc6 Nxe3 12. fxe3 bxc6 13. Rc1 O-O 14. c5 Qe6 15. cxd6 exd6 16. Qd3 Rfe8 17. Rfd1 Rad8 18. Qa6 Bxc3 19. Rxc3 Qxe4 20. Qxc6 d5 21. Qa6 d4 22. exd4 Rxd4 23. Rf1 Rd2 24. Qxa7 Qxg2# 0-1


[Site "https://www.chess.com"]

[Event "Titled Tuesday Blitz February 14 Late 2023"]
[White "Gatterer, Florian"]
[Black "mestrefeitosa19"]
[WhiteFideId "811688"]
[WhiteElo "2170"]
[BlackElo "2187"]
[Result "1-0"]
[Round "03"]
[TimeControl "180+2"]
[Date "2023.02.14"]
[WhiteClock "0:00:05"]
[BlackClock "0:00:02"]

1. e4 e5 2. Nf3 Nc6 3. Bc4 Bc5 4. O-O Nf6 5. d3 h6 6. c3 d6 7. a4 a6 8. Nbd2 Ba7 9. h3 Be6 10. Re1 g5 11. Bxe6 fxe6 12. Nh2 Qe7 13. b4 Qf7 14. Qe2 Ne7 15. Nc4 Ng6 16. Be3 Nf4 17. Bxf4 exf4 18. e5 Nd5 19. exd6 O-O-O 20. dxc7 Qxc7 21. Rac1 Rde8 22. Nf3 Rhg8 23. Nfe5 Kb8 24. b5 a5 25. b6 Bxb6 26. Nxb6 Nxb6 27. c4 Rd8 28. Rb1 Nxa4 29. Qf3 Ka8 30. Ra1 Nc5 31. Qe2 Rd6 32. Qd2 Nb3 33. Qc3 Nxa1 34. Rxa1 Ra6 35. d4 Rd8 36. c5 Rd5 37. Nc4 Qd8 38. Nb6+ Rxb6 39. cxb6 Qxb6 40. Qc8+ Ka7 41. Qc3 Qxd4 42. Rxa5+ Kb8 43. Qa3 Qd1+ 44. Kh2 Rxa5 45. Qxa5 Qd6 46. f3 b6 47. Qc3 Kb7 48. Qg7+ Ka6 49. Qxh6 Qd5 50. Qf8 Qe5 51. Qa3+ Kb7 52. Qe7+ Ka6 53. Qa3+ Qa5 54. Qd3+ Qb5 55. Qa3+ 1-0


[Site "https://www.chess.com"]

[Event "Titled Tuesday Blitz February 14 Late 2023"]
[White "Lopez Perdomo, Juan David"]
[Black "Figorito, Nick"]
[WhiteFideId "4405137"]
[BlackFideId "30923689"]
[WhiteElo "2029"]
[BlackElo "2036"]
[Result "1-0"]
[Round "03"]
[TimeControl "180+2"]
[Date "2023.02.14"]
[WhiteClock "0:00:05"]
[BlackClock "0:00:05"]

1. e4 e6 2. d4 d5 3. exd5 exd5 4. Nf3 Bd6 5. Bd3 Ne7 6. O-O O-O 7. c3 Bf5 8. Bg5 f6 9. Bh4 c6 10. Re1 Bxd3 11. Qxd3 Nd7 12. Nbd2 Qc7 13. Nf1 Rae8 14. Ne3 Ng6 15. Bg3 Bxg3 16. hxg3 Re6 17. Nf5 Rfe8 18. Rxe6 Rxe6 19. b4 a6 20. a4 Ne7 21. N3h4 Nxf5 22. Qxf5 Nf8 23. b5 cxb5 24. axb5 Qxc3 25. Rd1 Qb3 26. Qg4 Qxb5 27. Nf5 Qd7 28. Kh2 Re4 29. Qh3 a5 30. Ra1 a4 31. g4 b5 32. Qd3 Rxg4 33. Rb1 Ng6 34. Rxb5 Rxg2+ 35. Kh1 Rxf2 36. Rb8+ Nf8 37. Qa3 Qf7 38. Ne7+ Kh8 39. Rxf8+ Qxf8 40. Ng6+ hxg6 41. Qxf8+ Kh7 42. Qa3 Rf5 43. Qxa4 g5 44. Qd7 Kg6 45. Qe8+ Kh6 46. Kg2 Rf4 47. Qe3 Kg6 48. Kg3 Re4 49. Qd3 f5 50. Qa6+ Kh5 51. Qa7 f4+ 52. Kf2 Kg6 53. Qb6+ Kf5 54. Qa7 Kg4 55. Qd7+ Kh4 56. Qxd5 Re3 57. Qd8 Kg4 58. d5 Rf3+ 59. Kg1 Rg3+ 60. Kf2 Rf3+ 61. Ke2 Re3+ 62. Kd2 Rf3 63. d6 Rf2+ 64. Ke1 Ra2 65. d7 f3 66. Qc8 Ra1+ 67. Kf2 Ra2+ 68. Ke3 Ra3+ 69. Ke4 Ra4+ 70. Kd3 Ra3+ 71. Kc2 f2 72. d8=Q+ Kg3 73. Qd6+ Kg2 74. Qb7+ Kg1 75. Qd4 Rg3 76. Qbxg7 Rg2 77. Qb7 Kf1 78. Qb1+ Ke2 79. Qd3# 1-0


[Site "https://www.chess.com"]

[Event "Titled Tuesday Blitz February 14 Late 2023"]
[White "ritanovikova"]
[Black "Sarkar, Justin"]
[BlackFideId "2010011"]
[WhiteElo "2189"]
[BlackElo "2309"]
[Result "1-0"]
[Round "03"]
[TimeControl "180+2"]
[Date "2023.02.14"]
[WhiteClock "0:00:57"]
[BlackClock "0:00:01"]

1. d4 Nf6 2. Bg5 d6 3. Nd2 e5 4. c3 Be7 5. e4 exd4 6. Bxf6 Bxf6 7. cxd4 Bxd4 8. Qa4+ Nc6 9. Bb5 Bxb2 10. Rb1 Bf6 11. Bxc6+ bxc6 12. Qxc6+ Bd7 13. Qc2 O-O 14. Ngf3 Be6 15. O-O Qd7 16. Rfd1 Rab8 17. Rxb8 Rxb8 18. e5 dxe5 19. Ne4 Qe7 20. Nxf6+ gxf6 21. h3 Rd8 22. Rc1 Rd7 23. Qa4 Bd5 24. Qxa7 Bxf3 25. gxf3 Qd6 26. Kh1 Qd5 27. Rg1+ Kf8 28. Qb8+ Rd8 29. Qb4+ c5 30. Qg4 Ke7 31. a4 c4 32. Rb1 c3 33. Qb4+ Qd6 34. Qxc3 Rb8 35. Rc1 1-0


[Site "https://www.chess.com"]

[Event "Titled Tuesday Blitz February 14 Late 2023"]
[White "Curtis, John"]
[Black "Miszler, Levente"]
[WhiteFideId "3200256"]
[BlackFideId "763276"]
[WhiteElo "2292"]
[BlackElo "2271"]
[Result "0-1"]
[Round "03"]
[TimeControl "180+2"]
[Date "2023.02.14"]
[WhiteClock "0:00:10"]
[BlackClock "0:00:57"]

1. e4 c6 2. Nf3 d5 3. e5 Bf5 4. Nh4 Be6 5. f4 Qd7 6. Be2 Nh6 7. O-O Bg4 8. Bxg4 Qxg4 9. Qxg4 Nxg4 10. d4 e6 11. h3 Nh6 12. g4 c5 13. Nd2 cxd4 14. Nb3 Nc6 15. Nf3 Rc8 16. Nbxd4 Bc5 17. c3 Nxd4 18. cxd4 Bb6 19. Be3 Kd7 20. Rfc1 f6 21. Kf2 Nf7 22. Ke2 Nd8 23. Rxc8 Kxc8 24. exf6 gxf6 25. g5 Rf8 26. h4 Nc6 27. h5 Kd7 28. Rg1 Ke7 29. gxf6+ Kxf6 30. h6 Ne7 31. Ne5 Rg8 32. Ng4+ Kf5 33. Kf3 Ng6 34. Rh1 Ne7 35. Rh5+ Kg6 36. Rg5+ Kf7 37. Rxg8 Nxg8 38. Nf6 Kxf6 39. Bf2 Nxh6 0-1


[Site "https://www.chess.com"]

[Event "Titled Tuesday Blitz February 14 Late 2023"]
[White "Cardozo Munar, Carlos Eduardo"]
[Black "Aguilar, Juan"]
[WhiteFideId "4409477"]
[BlackFideId "3800091"]
[WhiteElo "2043"]
[BlackElo "2254"]
[Result "1-0"]
[Round "03"]
[TimeControl "180+2"]
[Date "2023.02.14"]
[WhiteClock "0:00:17"]
[BlackClock "0:00:01"]

1. d4 g6 2. Bg5 Bg7 3. c3 d6 4. Nd2 Nf6 5. e4 h6 6. Bh4 e5 7. Bc4 O-O 8. Ngf3 exd4 9. cxd4 g5 10. Nxg5 d5 11. Nxf7 Rxf7 12. Bxd5 Qd7 13. Bxf7+ Kxf7 14. Qb3+ Kg6 15. e5 Nd5 16. O-O Nc6 17. Nf3 Qf7 18. Rfe1 Bd7 19. e6 Bxe6 20. Qxb7 Ndb4 21. Qxa8 Bd5 22. Qc8 Nc2 23. Ne5+ Bxe5 24. dxe5 Nxa1 25. e6 Qf5 26. Qg8+ Kh5 27. Bg3 Nd4 28. Qe8+ Kg5 29. Qd8+ Kg6 30. e7 Ne2+ 31. Kh1 Bxg2+ 32. Kxg2 Qe4+ 33. Kf1 Nxg3+ 34. hxg3 Qh1+ 35. Ke2 Qe4+ 36. Kd2 Qb4+ 37. Kc1 Qc4+ 38. Kb1 Qc2+ 39. Kxa1 1-0


[Site "https://www.chess.com"]

[Event "Titled Tuesday Blitz February 14 Late 2023"]
[White "Fernandez, Maria Florencia"]
[Black "Sailer, Mike"]
[WhiteFideId "116459"]
[BlackFideId "2012901"]
[WhiteElo "2129"]
[BlackElo "2109"]
[Result "1-0"]
[Round "03"]
[TimeControl "180+2"]
[Date "2023.02.14"]
[WhiteClock "0:00:05"]
[BlackClock "0:00:01"]

1. d4 d5 2. c4 Bf5 3. Nc3 e6 4. Qb3 Nc6 5. e3 Nb4 6. e4 dxe4 7. Be3 Rb8 8. O-O-O Nf6 9. d5 exd5 10. cxd5 Nd3+ 11. Bxd3 exd3 12. Bxa7 Bd6 13. Bxb8 Qxb8 14. Re1+ Kf8 15. Nf3 g5 16. Nd2 Kg7 17. f3 Qa7 18. g3 Qf2 19. Ref1 Qg2 20. Nd1 Re8 21. Rfg1 Qe2 22. Qc4 Qe5 23. g4 Bg6 24. Re1 Qxe1 25. Rxe1 Rxe1 26. Qd4 Bf4 27. h4 Re2 28. hxg5 Bxd2+ 29. Kb1 Bxg5 30. f4 Bxf4 31. Qxf4 d2+ 32. Ka1 Re1 33. Qxd2 Rh1 34. g5 Ne4 35. Qd4+ Kg8 36. a4 Nf2 37. Qxf2 Rxd1+ 38. Ka2 Rxd5 39. Qf6 Rd6 40. Qe7 Bf5 41. Qxc7 Be6+ 42. Ka3 Rd3+ 43. Kb4 Rd4+ 44. Ka5 Rd5+ 45. Kb6 Rxg5 46. Kxb7 Rg2 47. Qd8+ Kg7 48. Qd4+ 1-0


[Site "https://www.chess.com"]

[Event "Titled Tuesday Blitz February 14 Late 2023"]
[White "Davalos Prieto, Abel Justo"]
[Black "Todev, Simeon"]
[WhiteFideId "5102766"]
[BlackFideId "2925133"]
[WhiteElo "2029"]
[BlackElo "2033"]
[Result "0-1"]
[Round "03"]
[TimeControl "180+2"]
[Date "2023.02.14"]
[WhiteClock "0:00:01"]
[BlackClock "0:00:06"]

1. c4 g6 2. Nc3 Bg7 3. e4 Nf6 4. d4 d6 5. Be2 O-O 6. Bg5 e5 7. dxe5 dxe5 8. Qxd8 Rxd8 9. Nd5 Nbd7 10. Rd1 Rf8 11. Nxc7 Rb8 12. f3 h6 13. Be3 Nb6 14. Nd5 Be6 15. Nxb6 axb6 16. Bxb6 Nd7 17. Be3 f5 18. exf5 gxf5 19. b3 e4 20. f4 Ra8 21. a4 Nf6 22. h3 h5 23. Kf2 h4 24. Rd6 Rfe8 25. Bd1 b5 26. axb5 Ra2+ 27. Ne2 Nh5 28. b6 Ng3 29. Re1 Bf7 30. Kg1 Nxe2+ 31. Bxe2 Bc3 32. Rdd1 Bxe1 33. Rxe1 Rb2 34. Bd1 Rd8 35. c5 Bd5 36. Bh5 Bc6 37. Bg6 Rf8 38. Bd4 Rxb3 39. Be5 e3 40. Bd6 Ra8 41. Bxf5 Rb2 42. Be6+ Kh7 43. Bf5+ Kh6 44. Rxe3 Ra1+ 0-1


[Site "https://www.chess.com"]

[Event "Titled Tuesday Blitz February 14 Late 2023"]
[White "Lopez Idarraga, Daniel Eduardo"]
[Black "Marcolino, Daniel Mattos"]
[WhiteFideId "4405501"]
[BlackFideId "2106841"]
[WhiteElo "2009"]
[BlackElo "2006"]
[Result "1-0"]
[Round "03"]
[TimeControl "180+2"]
[Date "2023.02.14"]
[WhiteClock "0:02:18"]
[BlackClock "0:01:15"]

1. e4 c6 2. Nf3 d5 3. Nc3 Bg4 4. h3 Bxf3 5. Qxf3 Nf6 6. d4 dxe4 7. Qe3 e6 8. Nxe4 Nxe4 9. Qxe4 Nd7 10. Bd3 Nf6 11. Qh4 Be7 12. Bg5 h6 13. O-O-O Qd5 14. Bxf6 Bxf6 15. c4 Bxh4 16. cxd5 cxd5 17. Bb5+ Ke7 18. g3 Bf6 19. Kc2 a6 20. Be2 Rac8+ 21. Kd3 Rc4 22. Ke3 Rc2 23. Rd2 Rhc8 24. Rhd1 Kd6 25. f4 g6 26. Bd3 h5 27. Rxc2 Rxc2 28. Bxc2 1-0


[Site "https://www.chess.com"]

[Event "Titled Tuesday Blitz February 14 Late 2023"]
[White "Souza, Gustavo Horokoski De"]
[Black "Gomes, Luiz Alexandre de Souza"]
[WhiteFideId "2146584"]
[BlackFideId "2102790"]
[WhiteElo "1943"]
[BlackElo "2254"]
[Result "0-1"]
[Round "03"]
[TimeControl "180+2"]
[Date "2023.02.14"]
[WhiteClock "0:00:03"]
[BlackClock "0:00:31"]

1. d4 d5 2. c4 e6 3. Nc3 Nf6 4. cxd5 exd5 5. Bg5 c6 6. e3 Be7 7. Qc2 Nbd7 8. Bd3 O-O 9. Nge2 Re8 10. O-O Nf8 11. f3 g6 12. Rad1 Ne6 13. Bh4 Nh5 14. Bf2 Bd7 15. Rfe1 Rc8 16. e4 dxe4 17. fxe4 Qa5 18. Ng3 Nhf4 19. Bf1 b5 20. a3 b4 21. axb4 Qxb4 22. Nce2 Bg5 23. Nxf4 Nxf4 24. Ne2 Bg4 25. h3 Be6 26. Nxf4 Bxf4 27. Ra1 a5 28. Qd3 a4 29. Reb1 Bb3 30. Be1 Qb8 31. Bc3 Rcd8 32. Re1 c5 33. d5 Be5 34. Rac1 c4 35. Qf3 a3 36. bxa3 Qa7+ 37. Kh1 Qxa3 38. Bxe5 Rxe5 39. Bxc4 Rb8 40. Re3 Qxc1+ 41. Kh2 Bxc4 42. Rc3 Qf1 43. Qg3 Rbe8 44. d6 Qf6 45. Rxc4 Qxd6 46. Ra4 Qe6 47. Qf3 Rxe4 0-1


[Site "https://www.chess.com"]

[Event "Titled Tuesday Blitz February 14 Late 2023"]
[White "Bongo Akanga Ndjila, Barthelemy"]
[Black "Prieto Aranguren, Alain"]
[WhiteFideId "10609431"]
[BlackFideId "2268906"]
[WhiteElo "1824"]
[BlackElo "2258"]
[Result "1-0"]
[Round "03"]
[TimeControl "180+2"]
[Date "2023.02.14"]
[WhiteClock "0:00:13"]
[BlackClock "0:00:02"]

1. d4 c6 2. c4 d5 3. e3 Nf6 4. Nc3 e6 5. Nf3 Be7 6. Bd3 O-O 7. O-O b5 8. cxb5 cxb5 9. Bxb5 Ba6 10. Bxa6 Nxa6 11. Qe2 Nb4 12. a3 Nc6 13. b4 Rc8 14. Bb2 Nb8 15. Na4 Nbd7 16. Nc5 Nb6 17. Ne5 Nfd7 18. Ned3 Nc4 19. Nxd7 Qxd7 20. Nc5 Bxc5 21. dxc5 e5 22. Rfd1 Qe6 23. Rac1 Rfd8 24. Rd3 a5 25. Rcd1 Qc6 26. e4 d4 27. Rh3 Nxb2 28. Qxb2 Qb5 29. Qd2 Rb8 30. Rg3 axb4 31. Qh6 g6 32. Rh3 Qxc5 33. axb4 Rxb4 34. Qxh7+ Kf8 35. Rf3 Rb7 36. Qh8+ Ke7 37. Qf6+ Kd7 38. Qxf7+ Kc8 39. Qxg6 d3 40. h4 d2 41. Qe6+ Kb8 42. Rb3 Qc2 43. Rxb7+ Kxb7 44. Qe7+ Kc6 45. Qxd8 Qxd1+ 46. Kh2 Qe2 47. Qd5+ Kb6 48. Qd6+ Kb5 49. Qb8+ Kc5 50. Qa7+ Kb4 51. Qb6+ Kc3 52. Qa5+ Kb2 53. Qb4+ Kc1 54. Qa3+ Kc2 55. Qa4+ Kd3 56. Qa6+ Kc2 57. Qxe2 1-0


[Site "https://www.chess.com"]

[Event "Titled Tuesday Blitz February 14 Late 2023"]
[White "Toktomushev, Teimur"]
[Black "Marin Masis, Jose Esteban"]
[WhiteFideId "14176726"]
[BlackFideId "6508146"]
[WhiteElo "2239"]
[BlackElo "1938"]
[Result "1-0"]
[Round "03"]
[TimeControl "180+2"]
[Date "2023.02.14"]
[WhiteClock "0:00:12"]
[BlackClock "0:00:15"]

1. d4 Nf6 2. c4 e6 3. Nf3 Bb4+ 4. Bd2 Qe7 5. g3 O-O 6. Bg2 Bxd2+ 7. Qxd2 Ne4 8. Qc2 f5 9. O-O d6 10. Nbd2 Nxd2 11. Nxd2 Nd7 12. Rac1 c6 13. d5 exd5 14. cxd5 c5 15. Rfe1 Nf6 16. Nc4 b5 17. Na5 Ne4 18. a4 a6 19. Nc6 Qe8 20. f3 Nf6 21. e4 fxe4 22. fxe4 Nd7 23. e5 Nxe5 24. Nxe5 dxe5 25. Qxc5 Bd7 26. d6 Rc8 27. Qd5+ Be6 28. Qxe5 Rxc1 29. Rxc1 Qd7 30. Rc7 Qe8 31. Qxg7# 1-0


[Site "https://www.chess.com"]

[Event "Titled Tuesday Blitz February 14 Late 2023"]
[White "Skaric, Djuro"]
[Black "Delorme, Alban"]
[WhiteFideId "934569"]
[BlackFideId "623636"]
[WhiteElo "2334"]
[BlackElo "2298"]
[Result "0-1"]
[Round "03"]
[TimeControl "180+2"]
[Date "2023.02.14"]
[WhiteClock "0:01:28"]
[BlackClock "0:00:08"]

1. g3 Nf6 2. Bg2 g6 3. d3 Bg7 4. e4 d6 5. Nc3 O-O 6. f4 c5 7. Nf3 Nc6 8. O-O Rb8 9. h3 b5 10. g4 b4 11. Ne2 a5 12. Ng5 h6 13. e5 hxg5 14. exf6 Bxf6 15. Bxc6 c4 16. fxg5 Qb6+ 17. d4 Qxc6 18. gxf6 Bb7 19. d5 Qc5+ 20. Kh2 Bxd5 21. Qd4 Qc6 22. fxe7 Rfe8 23. Nf4 Be6 24. Qf6 Qe4 25. Nxe6 fxe6 26. Bh6 Qe5+ 27. Qxe5 dxe5 28. Bf8 a4 29. Rae1 Rb5 30. Re4 b3 31. axb3 cxb3 32. cxb3 Rxb3 33. Rf2 Ra8 34. Rxe5 a3 35. bxa3 Raxa3 36. Rxe6 Rxh3+ 37. Kg2 Rhg3+ 38. Kf1 Ra1+ 39. Re1 Rg1+ 40. Ke2 Raxe1+ 41. Kf3 Rgf1 42. Rxf1 Rxf1+ 43. Ke4 Kf7 44. Ke5 Rg1 45. Kf4 Rf1+ 46. Kg5 Re1 47. Kf4 Ra1 48. Ke5 Ra4 49. g5 Ra5+ 50. Kf4 Rf5+ 51. Kg4 Ke8 52. Kh4 Kd7 53. Kg4 Re5 54. Kf4 Re6 55. Kg4 Kc6 56. Kf4 Kd5 57. Kf3 Ke5 58. Ke3 Kf5+ 59. Kd4 Kxg5 60. Kd5 Kf5 61. Kc5 g5 62. Kd5 g4 63. Kc5 g3 0-1


[Site "https://www.chess.com"]